 Dungeon Crawl Stone Soup version 0.27.0-1-g7a08968 (webtiles) character file.

Game seed: 10647245975244228340

58755 Amarein the Reanimator (level 14, -6/106 HPs)
             Began as a Demonspawn Necromancer on Jan 18, 2022.
             Was the Champion of Dithmenos.
             Mangled by a two-headed ogre (17 damage)
             ... on level 1 of the Orcish Mines on Jan 19, 2022.
             The game lasted 02:46:20 (25949 turns).

Amarein the Reanimator (Demonspawn Necromancer)    Turns: 25949, Time: 02:46:20

Health: -6/106     AC: 12    Str: 12    XL:     14   Next: 50%
Magic:  19/27      EV: 16    Int: 20    God:    Dithmenos [******]
Gold:   1439       SH:  6    Dex: 15    Spells: 2/31 levels left

rFire    + . .     SeeInvis .   b - +6 falchion of the Ageing Lamprey {drain, *Noise rN++ Will+++ Stlth-}
rCold    + . .     Faith    .   (no shield)
rNeg     + + +     Spirit   .   g - +2 robe {rC+ rF+}
rPois    .         Reflect  .   d - +1 helmet
rElec    .         Harm     .   c - +2 cloak {Will+}
rCorr    +         Rampage  .   p - +0 pair of gloves
Will     +++++                  v - +0 pair of boots
Stlth    ..........             K - amulet of magic regeneration
HPRegen  3.27/turn              Q - +4 ring of slaying
MPRegen  0.45/turn              P - ring "Muytrese" {rN+ rCorr Int+3 Stlth-}

@: mighty, death channeling, wreathed by umbra
A: hooves 1, large bone plates 2, powered by death 3, powered by pain 1
a: Renounce Religion, Shadow Step, Shadow Form


You were on level 1 of the Orcish Mines.
You worshipped Dithmenos.
Dithmenos was exalted by your worship.
You visited 3 branches of the dungeon, and saw 21 of its levels.

You collected 1583 gold pieces.
You spent 144 gold pieces at shops.

Inventory:

Hand Weapons
 b - the +6 falchion of the Ageing Lamprey (weapon) {drain, *Noise rN++ Will+++ Stlth-}
   (You found it on level 4 of the Dungeon)

   A truly terrible weapon, it drains the life of any living foe it strikes.
   rN:        It greatly protects you from negative energy.
   *Noise:    It may make noises in combat.
   Will:      It greatly increases your willpower.
   Stlth:     It makes you less stealthy.
Armour
 c - a +2 cloak of willpower (worn)
 d - a +1 helmet (worn)
 g - a +2 robe of resistance (worn)
 p - a +0 pair of gloves (worn)
 v - a +0 pair of boots (worn)
 O - the +1 ring mail of Plasticity {rPois Str+3}
   (You found it on level 6 of the Lair of Beasts)

   Str:       It affects your strength (+3).
   rPois:     It protects you from poison.
Jewellery
 a - a ring of protection from fire
 i - a +4 ring of protection
 j - a ring of poison resistance
 t - a ring of ice
 x - an amulet of the acrobat
 y - a ring of flight
 B - a +6 ring of intelligence
 E - a ring of fire
 I - a +6 ring of dexterity
 K - an amulet of magic regeneration (around neck)
 P - the ring "Muytrese" (right hand) {rN+ rCorr Int+3 Stlth-}
   (You found it on level 6 of the Lair of Beasts)

   [ring of positive energy]

   Int:       It affects your intelligence (+3).
   rN:        It protects you from negative energy.
   rCorr:     It protects you from acid and corrosion.
   Stlth:     It makes you less stealthy.
 Q - a +4 ring of slaying (left hand)
Wands
 l - a wand of flame (32)
 n - a wand of polymorph (17)
 u - a wand of paralysis (8)
 w - a wand of acid (3)
 J - a wand of digging (3)
Scrolls
 h - 8 scrolls of teleportation
 q - 4 scrolls of enchant weapon
 r - 3 scrolls of brand weapon
 C - 2 scrolls of identify
 D - 4 scrolls of amnesia
 G - 2 scrolls of enchant armour
 H - a scroll of magic mapping
Potions
 e - 4 potions of lignification
 f - a potion of mutation
 k - 2 potions of might
 m - 4 potions of attraction
 o - 4 potions of curing
 z - 2 potions of degeneration
 A - 2 potions of flight
 F - a potion of magic
 L - 4 potions of haste
 M - 2 potions of berserk rage
 N - a potion of brilliance
 R - a potion of invisibility


   Skills:
 + Level 8.8 Fighting
 - Level 1.6(6.3) Short Blades
 + Level 9.6(9.7) Long Blades
 - Level 5.1 Maces & Flails
 + Level 7.0 Armour
 + Level 9.0 Dodging
 - Level 2.0 Stealth
 - Level 9.1 Spellcasting
 + Level 13.3 Necromancy
 + Level 7.6 Invocations
 + Level 6.5 Evocations


You had 2 spell levels left.
You knew the following spells:

 Your Spells              Type           Power      Damage    Failure   Level
a - Pain                  Necr           100%       1d9       1%          1
b - Animate Skeleton      Necr           100%       N/A       1%          1
c - Vampiric Draining     Necr           29%        2d10      1%          3
d - Animate Dead          Necr           29%        N/A       1%          4
e - Dispel Undead         Necr           58%        3d21      1%          4
f - Agony                 Necr           58%        N/A       1%          5
g - Excruciating Wounds   Necr           29%        N/A       1%          5
h - Death Channel         Necr           29%        N/A       4%          6

Your spell library contained the following spells:

 Spells                   Type           Power      Damage    Failure   Level
 Corpse Rot               Necr/Air       N/A        N/A       1%          2
 Apportation              Tloc           18%        N/A       8%          1
 Corona                   Hex            10%        N/A       8%          1
 Freeze                   Ice            36%        1d6       8%          1
 Magic Dart               Conj           36%        1d4       8%          1
 Summon Small Mammal      Summ           36%        N/A       8%          1
 Call Imp                 Summ           9%         N/A       12%         2
 Ensorcelled Hibernation  Hex/Ice        18%        N/A       12%         2
 Passwall                 Tmut/Erth      7%         N/A       12%         2
 Static Discharge         Conj/Air       9%         N/A       12%         2
 Conjure Flame            Conj/Fire      9%         6-21      22%         3
 Frozen Ramparts          Ice            18%        1d3       22%         3
 Ignite Poison            Fire/Tmut/Pois 9%         N/A       22%         3
 Mephitic Cloud           Conj/Pois/Air  9%         N/A       22%         3
 Portal Projectile        Hex/Tloc       18%        N/A       22%         3
 Spider Form              Tmut/Pois      4%         N/A       22%         3
 Stone Arrow              Conj/Erth      18%        3d8       22%         3
 Tukima's Dance           Hex            9%         N/A       22%         3
 Animate Armour           Summ/Erth      18%        N/A       58%         4
 Hailstorm                Conj/Ice       9%         3d4       58%         4
 Ice Form                 Ice/Tmut       9%         N/A       58%         4
 Leda's Liquefaction      Hex/Erth       4%         N/A       58%         4
 Passage of Golubria      Tloc           N/A        N/A       58%         4
 Petrify                  Tmut/Erth      9%         N/A       58%         4
 Sticky Flame             Conj/Fire      9%         2d3       58%         4
 Summon Ice Beast         Ice/Summ       9%         N/A       58%         4
 Blade Hands              Tmut           4%         N/A       91%         5
 Bolt of Magma            Conj/Fire/Erth 4%         4d5       91%         5
 Iskenderun's Battlesphe  Conj           9%         2d6       91%         5
 Metabolic Englaciation   Hex/Ice        4%         N/A       91%         5
 Silence                  Hex/Air        4%         N/A       91%         5
 Yara's Violent Unravell  Hex/Tmut       4%         3d4       91%         5
 Iron Shot                Conj/Erth      4%         9d2       100%        6
 Shadow Creatures         Summ           N/A        N/A       100%        6
 Statue Form              Tmut/Erth      6%         N/A       100%        6
 Spellforged Servitor     Conj/Summ      4%         N/A       100%        7
 Lehudib's Crystal Spear  Conj/Erth      4%         10d3      100%        8
 Fire Storm               Conj/Fire      4%         8d1       100%        9
 Shatter                  Erth           4%         3d8*      100%        9


Dungeon Overview and Level Annotations

Branches:
Dungeon (13/15)            Temple (0/1) D:6            Lair (6/6) D:9
  Swamp (0/4) Lair:3       Spider (0/4) Lair:4          Orc (2/2) D:10
    Elf (0/3) Orc:2        Vaults (0/5) D:13
  Slime: Lair:5-6

Altars:
Ashenzari
Cheibriados
Dithmenos
Elyvilon
Gozag
Hepliaklqana
Makhleb
Qazlal
Sif Muna
Trog
Vehumet
Wu Jian
Yredelemnul

Shops:
Orc:1 !

Annotations:
D:6 exclusion: statue
D:10 2 runed translucent doors
D:11 2 transporters, malesh's ghost, journeyman FoFi
D:13 exclusion: ice statue
Lair:1 exclusion: 2 oklob plants
Lair:2 2 transporters, Xaul Roh's ghost, journeyman MiBe
Lair:6 exclusion: oklob plant


Innate Abilities, Weirdness & Mutations

You have large cloven feet.
You are mostly covered in large bone plates. (SH +6)
You regenerate a lot of health from kills.
You sometimes gain a little power by taking damage.


Message History

Casting: Animate Dead (safe; 1% risk of failure)
Confirm with . or Enter, or press ? or * to list all spells.
Aiming: Vampiric Draining (safe; 1% risk of failure)
Press: ? - help, Shift-Dir - straight line, f - two-headed ogre
Aim: a two-headed ogre, wielding a +0 giant club and a +0 giant spiked club (heavily wounded, lightly drained, umbra)
You draw life force from the two-headed ogre!
You feel life coursing into your body. The two-headed ogre closely misses you.
The two-headed ogre misses you. The two-headed ogre closely misses you.
The two-headed ogre hits you but does no damage.
The two-headed ogre hits you with a +0 giant club.
* * * LOW HITPOINT WARNING * * *
The two-headed ogre barely misses you.
The two-headed ogre hits you with a +0 giant club!
* * * LOW HITPOINT WARNING * * *
The two-headed ogre misses you.
Casting: Vampiric Draining (safe; 1% risk of failure)
Confirm with . or Enter, or press ? or * to list all spells.
Aiming: Vampiric Draining (safe; 1% risk of failure)
Press: ? - help, Shift-Dir - straight line, f/p - two-headed ogre
Aim: a two-headed ogre, wielding a +0 giant club and a +0 giant spiked club (severely wounded, lightly drained, umbra)
You draw life force from the two-headed ogre!
You feel life coursing into your body. The two-headed ogre closely misses you.
The two-headed ogre completely misses you. x2
The two-headed ogre hits you with a +0 giant spiked club.
* * * LOW HITPOINT WARNING * * *
The two-headed ogre barely misses you. The two-headed ogre closely misses you.
Unknown command.
Casting: Vampiric Draining (safe; 1% risk of failure)
Confirm with . or Enter, or press ? or * to list all spells.
Aiming: Vampiric Draining (safe; 1% risk of failure)
Press: ? - help, Shift-Dir - straight line, f/p - two-headed ogre
Aim: a two-headed ogre, wielding a +0 giant club and a +0 giant spiked club (severely wounded, lightly drained, umbra)
You draw life force from the two-headed ogre.
You feel life coursing into your body.
The two-headed ogre completely misses you.
You riposte.
You slash the two-headed ogre! You drain the two-headed ogre.
The two-headed ogre is moderately wounded.
The two-headed ogre misses you.
The two-headed ogre hits you with a +0 giant club!
You die...

##......).)....##.##
#.⌠.⌠..###...#.### #..∩..##
##.#...# ##⌠.⌠..# #..#...#
#.....## ##.#..## ##..###
##...# ##### #.#[## ##.#.#
####O)[)# #....###.#)@O)##
#####.....#...O)O).##
##.##.>.#...#.)))[...##
#.......#.....).......##
##.....##......#.......##
#......###....###.#.....#
##......###....##.#...###
###
##.....##..#..#....###.####
##.# ##.........#......#
#..#.###...


You could see 4 two-headed ogres.

Vanquished Creatures
  7 hydras
  A boulder beetle (Lair:2)
  A catoblepas (Lair:4)
  A centaur warrior (D:11)
  13 two-headed ogres
  A deep elf pyromancer (D:12)
  2 orc knights (Orc:1)
  A cyclops (D:12)
  A manticore (Lair:6)
  5 centaur zombies
  6 black mambas
  6 elephants (Lair:5)
  Maurice (D:13)
  An unseen horror (D:12)
  9 cane toads
  2 gargoyles
  2 torpor snails
  Psyche (D:8)
  5 komodo dragons
  A kobold demonologist (D:9)
  A rime drake (Lair:4)
  3 trolls
  A hornet (D:10)
  4 polar bears (Lair:6)
  12 blink frogs
  3 raiju (Lair:6)
  Sigmund (D:2)
  A spriggan (shapeshifter) (D:9)
  4 wraiths
  5 wyverns
  30 yaks
  5 basilisks
  3 steam dragons
  3 wargs (Lair:6)
  13 hell hounds (Lair:6)
  2 acid dragons
  Duvessa (D:7)
  7 water moccasins
  11 orc warriors
  A sky beast (D:8)
  11 black bears
  30 wolves
  9 centaurs
  17 ogres
  A phantom (D:5)
  13 bullfrogs
  4 scorpions
  Dowan (D:7)
  12 killer bees
  7 howler monkeys
  An electric eel (Lair:3)
  2 bullfrog zombies (D:5)
  4 hounds
  A jelly (D:4)
  2 gnoll shamans
  17 orc priests
  Crazy Yiuf (D:3)
  A centaur skeleton (D:7)
  Jessica (D:2)
  3 iguanas
  14 orc wizards
  A hound zombie (D:3)
  8 gnolls
  11 adders
  A shadow imp (D:6)
  2 adder zombies (D:3)
  3 worms
  65 orcs
  7 ball pythons
  7 endoplasms
  2 giant cockroaches
  3 goblins
  5 hobgoblins
  10 jackals
  5 quokkas
  3 bats
  9 kobolds
  A quokka skeleton (D:4)
  3 rats
  A spectral orc (D:9)
477 creatures vanquished.

Vanquished Creatures (collateral kills)
  2 slime creatures (D:10)
  A catoblepas (Lair:3)
  An ogre mage (Orc:2)
  A hydra (Lair:3)
  A boulder beetle (D:9)
  Erica (D:9)
  A two-headed ogre (Orc:2)
  A cyclops (Orc:1)
  An elephant (Lair:5)
  A black mamba (Lair:6)
  A cane toad (Lair:4)
  A rime drake (Lair:3)
  A komodo dragon (Lair:3)
  6 polar bears (Lair:6)
  4 blink frogs
  A raiju (Lair:6)
  A wyvern (Lair:4)
  8 yaks
  A vampire mosquito (D:9)
  2 wargs
  A water moccasin (Lair:6)
  3 orc warriors
  3 black bears (Lair:6)
  2 ogres (Orc:1)
  4 wolves
  A centaur (D:9)
  2 orc wizards
  An adder (D:3)
  2 gnolls
  7 orcs
63 creatures vanquished.

Vanquished Creatures (others)
  An orc wizard (D:3)
  24 fungi
  67 plants
92 creatures vanquished.

Grand Total: 632 creatures vanquished

Notes
Turn   | Place    | Note
-------+----------+-------------------------------------------
     0 | D:1      | Amarein the Demonspawn Necromancer began the quest for the
                  | Orb.
     0 | D:1      | Reached XP level 1. HP: 13/13 MP: 3/3
     2 | D:1      | Learned a level 1 spell: Animate Skeleton
   821 | D:1      | Gained mutation: You are partially covered in large bone
                  | plates. (SH +4) [demonic ancestry]
   821 | D:1      | Reached XP level 2. HP: 2/19 MP: 0/5
  1719 | D:2      | Noticed Jessica
  1801 | D:2      | Killed Jessica
  1802 | D:2      | Reached skill level 5 in Necromancy
  1802 | D:2      | Reached XP level 3. HP: 8/24 MP: 0/6
  2019 | D:2      | Found a faded altar of an unknown god.
  2137 | D:2      | Learned a level 3 spell: Vampiric Draining
  2169 | D:2      | Found a shadowy altar of Dithmenos.
  2181 | D:2      | Became a worshipper of Dithmenos the Shadowed
  2238 | D:2      | Noticed Sigmund
  2259 | D:2      | Killed Sigmund
  2260 | D:2      | Reached XP level 4. HP: 19/30 MP: 4/7
  2260 | D:2      | Reached XP level 5. HP: 23/35 MP: 4/8
  2991 | D:3      | Found a basalt altar of Yredelemnul.
  2998 | D:3      | Gained mutation: You sometimes gain a little power by
                  | taking damage. [demonic ancestry]
  2998 | D:3      | Reached XP level 6. HP: 40/41 MP: 9/9
  3155 | D:3      | Reached skill level 5 in Maces & Flails
  3161 | D:3      | Learned a level 4 spell: Animate Dead
  3216 | D:3      | Reached * piety under Dithmenos
  3693 | D:3      | Found a runed translucent door.
  3694 | D:3      | Noticed Crazy Yiuf
  3738 | D:3      | Found a snail-covered altar of Cheibriados.
  4189 | D:3      | Killed Crazy Yiuf
  4190 | D:3      | Reached skill level 1 in Fighting
  4449 | D:4      | Gained mutation: You have large cloven feet. [demonic
                  | ancestry]
  4449 | D:4      | Reached XP level 7. HP: 46/48 MP: 7/10
  4514 | D:4      | Identified the +6 falchion of the Ageing Lamprey {drain,
                  | *Noise rN++ Will+++ Stlth-}
  4614 | D:4      | Noticed an air elemental
  4615 | D:4      | Found a stormy altar of Qazlal.
  4620 | D:4      | Noticed a water elemental
  4620 | D:4      | Noticed a fire elemental
  4667 | D:4      | Reached skill level 1 in Long Blades
  4903 | D:4      | Reached ** piety under Dithmenos
  5542 | D:5      | Entered Level 5 of the Dungeon
  5810 | D:5      | Gained mutation: You regenerate a little health from kills.
                  | [demonic ancestry]
  5810 | D:5      | Reached XP level 8. HP: 54/54 MP: 11/11
  5813 | D:5      | Reached skill level 5 in Long Blades
  5919 | D:5      | Found a shadowy altar of Dithmenos.
  6538 | D:6      | Reached skill level 6 in Necromancy
  6538 | D:6      | Reached skill level 1 in Invocations
  6603 | D:6      | Found a staircase to the Ecumenical Temple.
  6743 | D:6      | Found an ornate altar of the Wu Jian Council.
  6775 | D:6      | Found a radiant altar of Vehumet.
  6830 | D:6      | Learned a level 4 spell: Dispel Undead
  7227 | D:6      | Noticed a gargoyle
  7240 | D:6      | Killed a gargoyle
  7241 | D:6      | Gained mutation: You are mostly covered in large bone
                  | plates. (SH +6) [demonic ancestry]
  7241 | D:6      | Reached XP level 9. HP: 27/62 MP: 7/14
  7668 | D:6      | Found a broken altar of Ashenzari.
  7741 | D:6      | Found a shimmering blue altar of Sif Muna.
  7775 | D:6      | Found a burning altar of Makhleb.
  8057 | D:7      | Reached *** piety under Dithmenos
  8075 | D:7      | Reached skill level 7 in Necromancy
  8541 | D:7      | Noticed Duvessa
  8541 | D:7      | Noticed Dowan
  8556 | D:7      | Killed Duvessa
  8563 | D:7      | Killed Dowan
  9137 | D:8      | Noticed a troll
  9145 | D:8      | Killed a troll
  9146 | D:8      | Reached skill level 5 in Dodging
  9273 | D:8      | Identified the +3 short sword of True Grit {protect, Str+2}
  9460 | D:8      | Noticed Psyche
  9479 | D:8      | Killed Psyche
  9480 | D:8      | Reached skill level 5 in Invocations
  9983 | D:8      | Reached XP level 10. HP: 72/72 MP: 13/16
 10152 | D:8      | Reached skill level 1 in Evocations
 10433 | D:9      | Found a staircase to the Lair.
 10813 | D:9      | Reached skill level 5 in Spellcasting
 10819 | D:9      | Learned a level 5 spell: Agony
 10930 | D:9      | Found a hazy altar of Hepliaklqana.
 10969 | D:9      | Noticed Erica
 10983 | D:9      | Noticed a boulder beetle
 10996 | D:9      | Killed Erica
 10997 | D:9      | Reached skill level 5 in Fighting
 11013 | D:9      | Killed a boulder beetle
 11055 | D:9      | Noticed a red ugly thing
 11064 | D:9      | Noticed an orange demon
 11065 | D:9      | Noticed a rust devil
 11066 | D:9      | Noticed a soul eater
 11431 | D:9      | Noticed a rust devil
 12034 | D:10     | Entered Level 10 of the Dungeon
 12083 | D:10     | Reached **** piety under Dithmenos
 12094 | D:10     | Reached skill level 5 in Evocations
 12133 | D:10     | Killed a titanic slime creature
 12134 | D:10     | Gained mutation: You regenerate health from kills. [demonic
                  | ancestry]
 12134 | D:10     | Reached XP level 11. HP: 65/81 MP: 4/19
 12360 | D:10     | Found a staircase to the Orcish Mines.
 12428 | D:10     | Found a runed translucent door.
 12430 | D:10     | Found a runed translucent door.
 13035 | D:11     | Noticed a centaur warrior
 13145 | D:11     | Killed a centaur warrior
 13306 | D:11     | Reached skill level 8 in Necromancy
 13452 | D:11     | Noticed a two-headed ogre
 13452 | D:11     | Noticed an orc knight
 13461 | D:11     | Found a transporter.
 13463 | D:11     | Found a bloodstained altar of Trog.
 13463 | D:11     | Noticed a two-headed ogre
 13464 | D:11     | Noticed a two-headed ogre
 13546 | D:11     | Noticed an eight-headed hydra
 14857 | Lair:1   | Entered Level 1 of the Lair of Beasts
 15212 | Lair:1   | Noticed a four-headed hydra
 15235 | Lair:1   | Killed a four-headed hydra
 15236 | Lair:1   | Reached skill level 9 in Necromancy
 15475 | Lair:1   | Learned a level 5 spell: Excruciating Wounds
 15737 | Lair:1   | Noticed an oklob plant
 15737 | Lair:1   | Noticed an oklob plant
 15901 | Lair:1   | Noticed a five-headed hydra
 15924 | Lair:1   | Killed a five-headed hydra
 16334 | Lair:2   | Reached XP level 12. HP: 83/91 MP: 15/22
 16570 | Lair:2   | Found an opulent altar of Gozag.
 16793 | Lair:2   | Noticed a six-headed hydra
 16812 | Lair:2   | Killed a six-headed hydra
 17054 | Lair:2   | Found a transporter.
 17061 | Lair:2   | Noticed a six-headed hydra
 17066 | Lair:2   | Found a transporter.
 17071 | Lair:2   | Noticed a five-headed hydra
 17117 | Lair:2   | Noticed Xaul Roh's ghost (journeyman MiBe)
 17261 | Lair:2   | Noticed a boulder beetle
 17304 | Lair:2   | Killed a boulder beetle
 17594 | Lair:3   | Noticed a catoblepas
 17594 | Lair:3   | Noticed a five-headed hydra
 17669 | Lair:3   | Killed a catoblepas
 17675 | Lair:3   | Killed a five-headed hydra
 17725 | Lair:3   | Reached ***** piety under Dithmenos
 17990 | Lair:3   | Learned a level 6 spell: Death Channel
 18640 | Lair:3   | Found a staircase to the Swamp.
 18787 | Lair:4   | Reached skill level 10 in Necromancy
 18873 | Lair:3   | Reached skill level 11 in Necromancy
 19085 | Lair:4   | Reached skill level 1 in Short Blades
 19256 | Lair:4   | Gained mutation: You regenerate a lot of health from kills.
                  | [demonic ancestry]
 19256 | Lair:4   | Reached XP level 13. HP: 81/98 MP: 26/26
 19774 | Lair:4   | Found a hole to the Spider Nest.
 19860 | Lair:4   | Got Ciesku's Incunabulum of the Earthen Arsonist
 21007 | Lair:6   | Entered Level 6 of the Lair of Beasts
 21207 | Lair:6   | Identified the +1 ring mail of Plasticity {rPois Str+3}
 21312 | Lair:6   | Reached skill level 1 in Armour
 21517 | Lair:6   | Reached ****** piety under Dithmenos
 21543 | Lair:6   | Reached skill level 5 in Armour
 21696 | Lair:6   | Identified the ring "Muytrese" {rN+ rCorr Int+3 Stlth-}
 22120 | Lair:6   | Reached skill level 12 in Necromancy
 23110 | D:11     | Found a transporter.
 23114 | D:11     | Noticed malesh's ghost (journeyman FoFi)
 23764 | D:12     | Reached XP level 14. HP: 104/106 MP: 21/27
 24243 | D:12     | Reached skill level 13 in Necromancy
 24590 | D:13     | Noticed Maurice
 24600 | D:13     | Killed Maurice
 24660 | D:13     | Found a gate to the Vaults.
 24860 | Orc:1    | Entered Level 1 of the Orcish Mines
 25358 | Orc:1    | Found Ziopiff's Distillery.
 25368 | Orc:1    | Bought 2 potions of curing for 96 gold pieces
 25368 | Orc:1    | Bought a potion of curing for 48 gold pieces
 25717 | Orc:2    | Entered Level 2 of the Orcish Mines
 25717 | Orc:2    | Found a staircase to the Elven Halls.
 25947 | Orc:1    | HP: 4/106 [two-headed ogre (12)]
 25949 | Orc:1    | Mangled by a two-headed ogre

Illustrated notes

Levels and vault maps discovered:
D:1:      elethiomel_arrival_shortcut, layout_loops_ring
D:2:      layout_loops_cross, basic_altar,
          shapermc_ecumenical_altar_mp_ritualfount, uniq_jessica, uniq_sigmund
D:3:      layout_rooms, nicolae_yredelemnul_corpse_copse, slow_altar_1,
          st_stairs_7, grunt_ministairs_13, uniq_crazy_yiuf_cottage
D:4:      layout_cave_pools, nicolae_qazlal_style_of_elements,
          minmay_pentomino_pile
D:5:      layout_basic, general_overflow_altar
D:6:      layout_loops_ring, vehumet_statue, mainiacjoe_overflow_brackets,
          minitemple, lemuel_tele_altar, makhleb_heckhound_becter,
          minmay_temple_entry_glass, minmay_three_doors
D:7:      layout_loops_ring, serial_glass, glass_columns_b, glass_columns_a,
          kennysheep_cross_bottleneck, corexii_item_surrounded_by_moat,
          amcnicky_mini_rare_corridor_liquid, uniq_duvessa
D:8:      layout_gridville, uniq_psyche
D:9:      minmay_blocky_corners, layout_gridville,
          nicolae_hepliaklqana_monster_ancestors, lair_entry_dummy,
          corexii_corridor_pit, uniq_erica
D:10:     lemuel_insect_pit, layout_irregular_city, orc_0_dummy, uniq_fannar
D:11:     minmay_general_purpose_star, layout_rooms,
          gammafunk_ghost_wrathful_warriors
D:12:     layout_stronghold
D:13:     layout_stronghold, david_vaults_2, minivault_15,
          hangedman_abyss_or_decor_clamps, uniq_josephine, uniq_maurice
Lair:1:   layout_loops_ring, lemuel_fruit_tree, grunt_megastairs_5,
          minmay_lair_oklob_chamber, serial_bayou_shore_b
Lair:2:   layout_big_grid, nzn_ghost_randoct, lemuel_centaur_altar
Lair:3:   layout_regular_city, swamp_mist, serial_bayou_ford_a, st_stairs_3,
          infiniplex_staircase_pool
Lair:4:   layout_cave_shapes, dummy_spider_entry
Lair:5:   layout_regular_city, serial_bayou_shore_b
Lair:6:   hangedman_lair_caniforms_friends, layout_gridlike,
          minmay_slime_entry_oklob_enclosed, lemuel_fruit_fields
Orc:1:    layout_diamond_mine, serial_shops, shop_fountains
Orc:2:    st_orc_ogre_mass, layout_caves, ebering_ghost_gozag

Skill      XL: |  1  2  3  4  5  6  7  8  9 10 11 12 13 14 |
---------------+-------------------------------------------+-----
Stealth        | 2 |  2.0
Necromancy     | 5 6 7 9 11 12 13 | 13.3
Maces & Flails | 3 4 5 |  5.1
Dodging        | 2 3 5 6 7 8 9 |  9.0
Fighting       | 1 2 4 5 7 8 |  8.8
Long Blades    | 4 6 7 8 9 |  9.6
Invocations    | 3 5 6 7 |  7.6
Spellcasting   | 3 4 5 7 9 |  9.1
Evocations     | 5 6 |  6.5
Short Blades   | 1 |  1.6
Armour         | 6 7 |  7.0

Action                   |  1- 3 |  4- 6 |  7- 9 | 10-12 | 13-15 || total
-------------------------+-------+-------+-------+-------+-------++-------
Melee: Unarmed           |     7 |       |       |       |       ||     7
       Dagger            |    13 |       |       |       |       ||    13
       Club              |    16 |   125 |       |       |       ||   141
       Falchion          |       |       |   227 |   671 |   752 ||  1650
       Kick              |       |       |    29 |       |       ||    29
       Short sword       |       |       |       |    16 |       ||    16
 Cast: Pain              |    38 |    50 |   119 |    94 |    77 ||   378
       Animate Skeleton  |     3 |    10 |     5 |     1 |       ||    19
       Vampiric Draining |       |     4 |     3 |    20 |    20 ||    47
       Animate Dead      |       |       |     1 |    37 |    21 ||    59
       Dispel Undead     |       |       |       |     5 |     3 ||     8
       Agony             |       |       |       |     3 |     6 ||     9
       Death Channel     |       |       |       |       |    16 ||    16
Evoke: Wand              |       |       |       |    15 |     9 ||    24
  Use: Potion            |     2 |     1 |     2 |     6 |     7 ||    18
       Scroll            |       |     3 |    11 |    18 |     5 ||    37
 Stab: Sleeping          |     1 |     4 |       |       |     1 ||     6
       Distracted        |     1 |       |       |     1 |    10 ||    12
       Invisible         |       |     3 |     2 |       |       ||     5
Armor: Robe              |    11 |    36 |    81 |   271 |   165 ||   564
       Ring mail         |       |       |       |       |    97 ||    97
       Skin              |       |       |       |       |     1 ||     1
Dodge: Dodged            |    31 |    66 |   113 |   622 |   827 ||  1659
Block: Other             |     5 |    12 |    40 |   213 |   253 ||   523
       Rpst.: Falchion   |       |       |    29 |   155 |   191 ||   375
